3000 views
Uploaded 2020-08-17 12:30:45
Game version 1.32.8
7:44 long 1on1 custom game on (2)LastRefuge
Game name "emo3"
Saved by RichApM
3000 views
Uploaded 2020-08-17 12:30:45
Game version 1.32.8
7:44 long 1on1 custom game on (2)LastRefuge
Game name "emo3"

27 units @ 3k
/ 0k
9 buildings @ 1.5k
/ 0.4k

| Rod of Necromancy | 1 | 150 |
| Sacrificial Skull | 1 | 50 |
| total: | 2 | 200g |
| Acolyte | 5 | 375 | / | 0 |
| Ghoul | 22 | 2640 | / | 0 |
| total: | 27 | 3015g | / | 0w |
| Nerubian Tower | 3 | 300 | / | 60 |
| Altar of Darkness | 1 | 180 | / | 50 |
| Crypt | 2 | 400 | / | 100 |
| Ziggurat | 5 | 750 | / | 250 |
| Tomb of Relics | 1 | 130 | / | 30 |
| total: | 9 | 1460g | / | 430w |
| 0:00 | Acolyte |
| 0:05 | Altar of Darkness |
| 0:08 | Crypt |
| 0:22 | Ziggurat |
| 0:31 | Acolyte |
| 0:48 | Tomb of Relics |
| 0:56 | Acolyte |
| 0:56 | Acolyte |
| 0:56 | Acolyte |
| 1:09 | Ghoul |
| 1:24 | Ziggurat |
| 1:37 | Ghoul |
| 1:37 | Ghoul |
| 1:37 | Ghoul |
| 1:49 | Ghoul |
| 1:49 | Ghoul |
| 2:08 | Rod of Necromancy |
| 2:09 | Sacrificial Skull |
| 2:10 | Carrion Beetles |
| 2:22 | Ghoul |
| 2:36 | Ghoul |
| 2:38 | Nerubian Tower |
| 2:53 | Ghoul |
| 3:01 | Ghoul |
| 3:15 | Crypt |
| 3:25 | Ghoul |
| 3:25 | Ghoul |
| 3:25 | Ghoul |
| 3:48 | Ziggurat |
| 4:01 | Ghoul |
| 4:35 | Ghoul |
| 4:55 | Ghoul |
| 5:04 | Ghoul |
| 5:33 | Impale |
| 5:35 | Ghoul |
| 6:03 | Ghoul |
| 6:21 | Ghoul |
| 6:33 | Ziggurat |
| 6:34 | Ziggurat |
| 6:54 | Carrion Beetles |
| 6:58 | Ghoul |
| 7:21 | Ghoul |
| 7:26 | Nerubian Tower |
| 7:36 | Nerubian Tower |
| Right click | 985 |
| Select group | 920 |
| Select | 266 |
| Misc. action | 176 |
| Build/train/purchase | 57 |
| Assign group | 48 |
| Chat | 7 |
| Use ability | 4 |
16 units @ 1.9k
/ 0.1k
7 buildings @ 1.2k
/ 0.3k


| Rod of Necromancy | 2 | 300 |
| Ritual Dagger | 1 | 125 |
| total: | 3 | 425g |
| Acolyte | 4 | 300 | / | 0 |
| Ghoul | 10 | 1200 | / | 0 |
| Crypt Fiend | 2 | 430 | / | 80 |
| total: | 16 | 1930g | / | 80w |
| Nerubian Tower | 1 | 100 | / | 20 |
| Spirit Tower | 1 | 145 | / | 40 |
| Crypt | 1 | 200 | / | 50 |
| Altar of Darkness | 1 | 180 | / | 50 |
| Ziggurat | 3 | 450 | / | 150 |
| Tomb of Relics | 1 | 130 | / | 30 |
| Graveyard | 1 | 215 | / | 0 |
| Halls of the Dead | 1 | 320 | / | 210 |
| total: | 7 | 1175g | / | 280w |
| 0:02 | Acolyte |
| 0:05 | Crypt |
| 0:09 | Altar of Darkness |
| 0:23 | Ziggurat |
| 0:32 | Acolyte |
| 0:48 | Acolyte |
| 1:05 | Tomb of Relics |
| 1:10 | Ghoul |
| 1:20 | Ghoul |
| 1:36 | Ziggurat |
| 1:49 | Ghoul |
| 2:02 | Ghoul |
| 2:16 | Rod of Necromancy |
| 2:24 | Carrion Beetles |
| 2:36 | Nerubian Tower |
| 2:38 | Ghoul |
| 3:13 | Ghoul |
| 3:39 | Ghoul |
| 3:41 | Halls of the Dead |
| 4:54 | Ghoul |
| 4:55 | Ziggurat |
| 4:56 | Graveyard |
| 5:38 | Rod of Necromancy |
| 5:39 | Ritual Dagger |
| 5:43 | Impale |
| 5:45 | Ghoul |
| 6:35 | Spirit Tower |
| 6:37 | Crypt Fiend |
| 7:03 | Frost Nova |
| 7:23 | Acolyte |
| 7:24 | Crypt Fiend |
| 7:24 | Ghoul |
| Right click | 684 |
| Select group | 269 |
| Select | 140 |
| Assign group | 44 |
| Build/train/purchase | 31 |
| Misc. action | 23 |
| Chat | 14 |
| Use ability | 5 |